 Dungeon Crawl Stone Soup version 0.29.1-12-g30fa7ad0bf (webtiles) character file.

Game seed: 1448846647097676656

181 mopl the Chopper (level 5, -1/36 (38) HPs)
             Began as a Formicid Warper on Jan 6, 2023.
             Killed from afar by a goblin (27 damage)
             ... with a bolt of light
             ... on level 3 of the Dungeon.
             The game lasted 00:04:19 (3625 turns).

mopl the Chopper (Formicid Warper)                  Turns: 3625, Time: 00:04:20

HP:   -1/36 (38)    AC:  8    Str: 23    XL:     5   Next: 92%
MP:   8/8           EV:  8    Int: 13    God:
Gold: 105           SH:  0    Dex: 13    Spells: 8/8 levels left

rFire   . . .      SeeInvis +   a - +0 hand axe
rCold   . . .      Faith    .   (no shield)
rNeg    . . .      Spirit   .   q - +0 chain mail
rPois   .          Reflect  .   (helmet unavailable)
rElec   .          Harm     .   (no cloak)
rCorr   .          Rampage  .   (no gloves)
Will    .....                   (no boots)
Stlth   ..........              (no amulet)
HPRegen 0.12/turn               n - +6 ring of strength
MPRegen 0.11/turn               (no ring)

@: confused, drained
A: permanent stasis, dig shafts and tunnels, antennae 3, four strong arms
a: Dig, Shaft Self


You were on level 3 of the Dungeon.
You visited 1 branch of the dungeon, and saw 3 of its levels.

You collected 151 gold pieces.
You spent 46 gold pieces at shops.

Inventory:

Hand Weapons
 a - a +0 hand axe (weapon)
Missiles
 c - 7 boomerangs of dispersal (quivered)
 h - 3 curare-tipped darts
 s - 2 poisoned darts
Armour
 q - a +0 chain mail (worn)
Magical Staves
 g - a staff of fire
Jewellery
 n - a +6 ring of strength (left hand)
Wands
 p - a wand of flame (25)
Scrolls
 b - a scroll of butterflies {unknown}
 f - a scroll of torment {unknown}
 i - a scroll of poison {unknown}
 j - a scroll of identify {unknown}
 k - 2 scrolls of teleportation {unknown}
 o - a scroll of immolation {unknown}
Potions
 d - 3 potions of attraction {unknown}
 e - 3 potions of curing
 l - a potion of lignification {unknown}
 m - a potion of might {unknown}
 r - a potion of resistance {unknown}


   Skills:
 - Level 2.1 Fighting
 + Level 5.6 Axes
 - Level 1.0 Throwing
 - Level 1.1 Armour
 - Level 1.7 Dodging
 - Level 2.1 Spellcasting
 - Level 2.6 Translocations


You had 8 spell levels left.
You didn't know any spells.
Your spell library contained the following spells:

 Spells                   Type           Power      Damage    Failure   Level
 Gell's Gravitas          Tloc           8%         N/A       92%         3
 Lesser Beckoning         Tloc           8%         N/A       92%         3
 Teleport Other           Tloc           8%         N/A       92%         3
 Manifold Assault         Tloc           8%         N/A       100%        5
 Blink                    Tloc           Unusable   N/A       N/A         2

Dungeon Overview and Level Annotations

Branches:
Dungeon (3/15)

Altars:

Shops:
D:1 !(?

Annotations:
D:2 Sigmund
D:3 1 runed translucent door, gargbit's ghost, amateur OpTm


Innate Abilities, Weirdness & Mutations

You cannot be hasted, slowed, berserked, paralysed or teleported.
You can dig through walls and to a lower floor.
You have a pair of large antennae on your head. (SInv)
Your four strong arms can wield two-handed weapons with a shield.


Message History

The gnoll hits you but does no damage.
You climb upwards.
Level annotation: Sigmund
There is a stone staircase leading down here.
You slash the gnoll!
The gnoll is heavily wounded.
The gnoll hits you with a +0 whip.
You hit the gnoll.
The gnoll is severely wounded.
The gnoll closely misses you. x2
You hit the gnoll.
You kill the gnoll!
You now have 83 gold pieces (gained 5).
Items here: ))) †††.
You start resting.
HP restored.
There is a stone staircase leading down here.
You climb downwards.
Level annotation: 1 runed translucent door, gargbit's ghost, amateur OpTm
There is a stone staircase leading up, spattered with blood here.
Things that are here:
a scroll of noise; a +0 leather armour
Found 12 gold pieces.
Found 10 gold pieces.
You now have enough gold to buy a potion of cancellation on D:1, buy a potion of invisibility on D:1, buy a potion of magic on D:1, or buy a potion of mutation on D:1.
You can access your shopping list by pressing '$'.
You now have 95 gold pieces (gained 12).
You now have enough gold to buy a scroll of blinking on D:1, or buy a scroll of magic mapping on D:1.
You can access your shopping list by pressing '$'.
You now have 105 gold pieces (gained 10).
You extend your mandibles.
You dig through the rock wall.
You feel drained.
A goblin comes into view.
It is wielding a +0 dagger and carrying a wand of light (7).
The goblin shouts!
The goblin zaps a wand.
The bolt of light hits you!
You retract your mandibles.
The goblin zaps a wand.
The bolt of light hits you!!
You are confused.
Ouch! That really hurt!
You die...

####....#.....#..#
...........####..####
...#.......#........#
.....<.....#.######.#
...####.#### #...#
........)### #.###
#####......# #...#
...##......#.####.###
..g.#......#..g.@...#
..#.#......####..####
..#...........#..#
..###.#######.#..#
........# ....
####.##†.# .##..
....##..# #. ##. #.#[
# #..>. .# #.#. ##.#


You could see a goblin.

Vanquished Creatures
  Natasha (thrice) (D:2)
  4 gnolls
  An adder (D:2)
  2 worms (D:2)
  4 dart slugs
  4 bats
  2 endoplasms
  2 giant cockroaches (D:1)
  A goblin (D:2)
  3 hobgoblins
  4 jackals (D:2)
  6 quokkas
  6 ball pythons
  2 frilled lizards
  4 kobolds
  A rat (D:1)
49 creatures vanquished.

Notes
Turn   | Place    | Note
-------+----------+-------------------------------------------
     0 | D:1      | mopl the Formicid Warper began the quest for the Orb.
     0 | D:1      | Reached XP level 1. HP: 16/16 MP: 3/3
   121 | D:1      | Found Odukh's Distillery.
   159 | D:1      | Reached XP level 2. HP: 16/22 MP: 5/5
   312 | D:1      | Found Dayhead's Antique Weapon Shop.
   390 | D:1      | Found Rehiop's Magic Scroll Shoppe.
   468 | D:1      | Reached skill level 3 in Axes
   673 | D:1      | Reached XP level 3. HP: 15/27 MP: 6/6
   900 | D:2      | Found a faded altar of an unknown god.
  1465 | D:2      | Reached skill level 4 in Axes
  1465 | D:2      | Reached XP level 4. HP: 30/33 MP: 7/7
  1490 | D:2      | Noticed Sigmund
  1825 | D:2      | Noticed Natasha
  1842 | D:2      | Killed Natasha
  2117 | D:2      | Found a faded altar of an unknown god.
  2149 | D:2      | Noticed Natasha
  2160 | D:2      | Killed Natasha
  2161 | D:2      | Reached XP level 5. HP: 19/38 MP: 8/8
  2367 | D:2      | Noticed Natasha
  2375 | D:2      | Killed Natasha
  2376 | D:2      | Reached skill level 5 in Axes
  3022 | D:1      | Bought a scroll of noise for 13 gold pieces
  3051 | D:1      | Bought a potion of curing for 33 gold pieces
  3184 | D:3      | Found a runed translucent door.
  3186 | D:3      | Noticed gargbit's ghost (amateur OpTm)
  3625 | D:3      | Killed from afar by a goblin

Illustrated notes

Levels and vault maps discovered:
D:1:      matt_arrival_refuge, layout_basic, serial_shops, shop,
          nicolae_shop_stone, nicolae_shop_window_shopping
D:2:      layout_loops_ring, nicolae_ecumenical_pavilion, uniq_sigmund,
          uniq_natasha
D:3:      layout_basic, amcnicky_altar_gilded, lemuel_coloured_pillars_altar,
          ebering_ghost_sewer_f, bh_walls_and_bars

Skill      XL: |  1  2  3  4  5 |
---------------+----------------+-----
Axes           | 3 4 5 |  5.6
Fighting       | |  2.1
Throwing       | |  1.0
Armour         | |  1.1
Dodging        | |  1.7
Spellcasting   | |  2.1
Translocations | |  2.6

Action                   |  1- 3 |  4- 6 || total
-------------------------+-------+-------++-------
Melee: Hand axe          |   120 |    74 ||   194
       Punch             |     1 |       ||     1
 Abil: Dig               |       |     1 ||     1
 Stab: Sleeping          |     1 |       ||     1
Armor: Leather armour    |    39 |     9 ||    48
       Chain mail        |       |    15 ||    15
Dodge: Dodged            |    83 |    44 ||   127
